Map: Kairos Junction LE

Players

soul

  • Race: Terran Terran
  • League: Grandmaster
  • Spawn Location: 5:00

Lambo - Winner!

  • Race: Zerg Zerg
  • League: Grandmaster
  • Spawn Location: 11:00

VOD

Have the link to the VOD?

Description

Time

  • Played on: Dec. 28, 2018, 10:42 a.m.
  • Length: 9:28
Show
View Real Time Build Order
Export as new Build Order

soul Terran 

Build Orders: Hellion Banshee 

Get SALT Encoding   

  12  0:01  SCV  
  13  0:13  SCV  
  14  0:17  Supply Depot  
  14  0:25  SCV  
  15  0:30  Refinery  
  15  0:38  SCV  
  16  0:44  Barracks  
  16  0:50  SCV  
  17  1:02  SCV  
  18  1:15  SCV  
  19  1:32  Reaper, Orbital Command  
  20  1:43  Command Center  
  20  1:54  Factory  
  20  1:58  SCV  
  21  2:07  Barracks Reactor  
  21  2:11  Supply Depot  
  21  2:12  SCV  
  22  2:17  Refinery  
  22  2:24  SCV  
  23  2:36  SCV  
  24  2:48  SCV  
  24  2:50  Starport  
  25  2:55  Hellion x2  
  25  2:56  Orbital Command  
  29  3:00  Marine  
  29  3:02  SCV  
  31  3:14  SCV  
  31  3:16  Hellion  
  31  3:17  Hellion  
  36  3:23  SCV  
  36  3:26  SCV  
  38  3:28  Starport Tech Lab  
  38  3:29  Marine  
  38  3:35  SCV  
  38  3:39  SCV, Supply Depot  
  38  3:40  Hellion x2  
  44  3:47  SCV  
  45  3:49  Barracks Tech Lab  
  45  3:52  Cloaking Field  
  45  4:00  Banshee  
  45  4:01  SCV  
  45  4:02  Supply Depot  
  49  4:04  SCV  
  49  4:09  Supply Depot  
  50  4:12  Marine  
  50  4:13  SCV  
  50  4:16  SCV  
  53  4:26  SCV  
  53  4:30  Command Center  
  54  4:33  SCV  
  55  4:39  Refinery  
  55  4:40  SCV  
  55  4:41  Refinery  
  55  4:43  Banshee  
  55  4:45  SCV  
  60  4:55  SCV  
  60  4:58  SCV  
  60  4:59  Factory  
  60  5:00  Factory  
  60  5:05  Factory  
  60  5:06  Factory  
  60  5:07  SCV, Hellion  
  62  5:13  SCV  
  62  5:19  Hellion  
  62  5:20  SCV  
  65  5:28  SCV, Hellion  
  67  5:29  Supply Depot x2  
  67  5:35  SCV  
  69  5:43  Orbital Command  
  69  5:45  SCV  
  69  5:47  Mag-Field Accelerator  
  69  5:48  Cyclone  
  69  5:49  Factory Tech Lab  
  73  5:50  Factory Reactor  
  73  5:52  SCV  
  73  5:54  Infernal Pre-Igniter  
  73  5:55  Cyclone  
  77  6:01  SCV  
  78  6:05  Supply Depot  
  78  6:06  Supply Depot  
  78  6:07  SCV  
  78  6:09  Cyclone  
  79  6:14  Orbital Command  
  79  6:17  SCV  
  80  6:20  SCV  
  80  6:22  Cyclone  
  80  6:24  Hellion  
  86  6:25  Starport Tech Lab  
  86  6:28  Refinery  
  86  6:30  Refinery, Cyclone  
  86  6:31  Hellion x2  
  93  6:34  SCV  
  93  6:35  SCV  
  95  6:42  SCV, Cyclone  
  95  6:46  SCV, Hellion x2  
  104  6:47  SCV  
  104  6:53  Armory  
  106  6:54  Armory, SCV  
  106  6:58  SCV  
  107  7:01  SCV  
  107  7:03  Supply Depot  
  107  7:06  SCV, Supply Depot  
  109  7:09  Supply Depot  
  109  7:12  Cyclone  
  109  7:13  SCV  
  109  7:15  SCV  
  114  7:20  Cyclone x2  
  111  7:27  Hellion x2  
  111  7:29  SCV  
  114  7:33  SCV  
  111  7:37  SCV  
  111  7:41  SCV  
  116  7:44  Cyclone  
  116  7:48  SCV  
  117  7:52  Cyclone  
  117  7:53  SCV  
  121  7:59  SCV  
  121  8:00  Command Center  
  121  8:05  SCV  
  123  8:07  Cyclone  
  123  8:11  SCV  
  123  8:16  Cyclone  
  123  8:17  SCV  
  118  8:24  Cyclone  
  106  8:39  Cyclone  
  101  8:42  Hellion  
  101  8:45  SCV  
  101  8:48  Cyclone  
  84  8:56  Cyclone  
  84  8:59  SCV  
  76  9:05  Hellion x2  
  74  9:11  SCV  
Show
View Real Time Build Order
Export as new Build Order

Lambo Zerg - Winner!

Build Orders: Hatch First 

Get SALT Encoding   

  12  0:00  Drone  
  13  0:12  Overlord  
  13  0:16  Drone  
  14  0:31  Drone x2  
  16  0:48  Hatchery  
  15  0:51  Drone  
  15  0:55  Drone  
  17  0:59  Drone  
  18  1:10  Extractor  
  17  1:14  Spawning Pool  
  17  1:17  Drone  
  17  1:21  Drone  
  18  1:30  Drone  
  19  1:39  Drone  
  20  1:53  Overlord  
  20  2:01  Queen x2, Zergling x4  
  26  2:10  Metabolic Boost  
  26  2:11  Drone  
  26  2:12  Drone  
  28  2:21  Drone  
  29  2:37  Hatchery  
  29  2:39  Drone  
  29  2:48  Pneumatized Carapace  
  29  2:51  Drone  
  29  2:52  Drone x2  
  29  2:56  Overlord  
  32  3:01  Drone  
  33  3:10  Drone x3  
  36  3:15  Drone x3  
  39  3:20  Queen  
  41  3:29  Overlord  
  41  3:30  Drone  
  41  3:31  Drone  
  43  3:39  Drone  
  44  3:42  Overlord  
  44  3:47  Queen  
  46  3:53  Drone x3  
  46  3:54  Queen  
  51  3:55  Overlord  
  51  4:00  Drone x3  
  51  4:02  Queen  
  56  4:05  Zergling x2  
  57  4:12  Zergling x4  
  59  4:18  Drone  
  59  4:19  Roach Warren, Drone  
  59  4:20  Drone x2  
  60  4:24  Zergling x2  
  60  4:27  Drone  
  60  4:30  Lair  
  62  4:32  Spore Crawler x2  
  62  4:33  Spore Crawler, Drone  
  62  4:34  Drone  
  62  4:36  Drone  
  62  4:39  Drone  
  63  4:47  Drone x5  
  63  4:51  Queen  
  68  4:55  Extractor  
  68  4:59  Extractor, Drone x2  
  68  5:03  Drone  
  68  5:04  Evolution Chamber, Drone x3  
  68  5:07  Overlord, Evolution Chamber  
  71  5:09  Drone x2  
  71  5:12  Drone x2  
  71  5:16  Overlord  
  71  5:19  Drone  
  71  5:20  Drone  
  73  5:25  Drone x2  
  73  5:28  Zergling x4  
  76  5:29  Drone  
  76  5:31  Zerg Missile Weapons Level 1  
  76  5:32  Extractor  
  76  5:33  Zerg Ground Armor Level 1, Overseer  
  76  5:35  Drone x3  
  79  5:37  Extractor  
  79  5:38  Extractor  
  79  5:39  Drone x2  
  79  5:42  Drone x2  
  81  5:45  Overlord, Drone  
  81  5:47  Glial Reconstitution  
  82  5:50  Roach x2  
  86  5:58  Drone  
  86  6:02  Roach  
  86  6:03  Overlord  
  86  6:04  Overlord  
  89  6:08  Overlord  
  89  6:10  Overlord  
  89  6:14  Queen  
  89  6:16  Overlord  
  91  6:19  Roach x3  
  91  6:22  Roach x5  
  107  6:29  Roach x2  
  107  6:32  Ravager x2  
  113  6:34  Roach  
  113  6:39  Overlord  
  115  6:44  Roach x9  
  133  6:53  Roach  
  133  6:54  Roach  
  137  6:57  Ravager  
  137  7:01  Overlord x2  
  138  7:06  Overlord x2  
  138  7:10  Overlord  
  138  7:11  Overlord  
  138  7:13  Queen  
  138  7:14  Overlord  
  138  7:15  Overlord  
  138  7:16  Overlord  
  138  7:20  Roach  
  138  7:21  Roach x3  
  137  7:26  Roach  
  137  7:27  Ravager x3  
  137  7:28  Ravager  
  137  7:29  Roach  
  145  7:36  Overseer  
  139  7:37  Queen  
  139  7:38  Roach x6  
  139  7:41  Roach x2  
  139  7:44  Roach  
  159  7:51  Roach x2  
  163  7:53  Ravager x2  
  163  7:57  Zergling x10  
  170  8:03  Zergling x10  
  170  8:04  Ravager x2  
  173  8:11  Infestation Pit  
  173  8:12  Zergling x4  
  166  8:17  Roach x3  
  164  8:22  Roach x2  
  164  8:28  Roach x4  
  164  8:30  Roach  
  164  8:33  Roach  
  157  8:35  Roach  
  146  8:48  Roach x6  
  146  8:50  Hatchery  
  146  8:54  Roach x2  
  146  8:55  Roach, Zergling x2  
  151  9:02  Zergling x4  
  151  9:08  Zergling x2  
  145  9:14  Drone x7  
Tags
 
Add a new tag
Caveats
  • Supply blocks, unpowered buildings, or Contaminate may cause inaccurate times.
  • Supply counts are checked every 10 seconds.